 Dungeon Crawl Stone Soup version 0.29.1-12-g30fa7ad0bf (webtiles) character file.

Game seed: 154060006311944983

6611 MacCMillion the Summoner (level 11, -1/73 HPs)
             Began as an Octopode Summoner on Jan 2, 2023.
             Was an Initiate of Gozag.
             Killed from afar by a deep elf pyromancer (34 damage)
             ... with a bolt of fire
             ... on level 9 of the Dungeon.
             The game lasted 00:48:20 (14735 turns).

MacCMillion the Summoner (Octopode Summoner)       Turns: 14735, Time: 00:48:21

Health: -1/73      AC:  5    Str: 13    XL:     11   Next: 2%
Magic:  18/21      EV: 15    Int: 22    God:    Gozag
Gold:   1711       SH:  0    Dex: 13    Spells: 12/23 levels left

rFire   . . .      SeeInvis .   C - +3 spear
rCold   . . .      Faith    .   (no shield)
rNeg    . . .      Spirit   .   (helmet restricted)
rPois   .          Reflect  .   J - amulet of magic regeneration
rElec   .          Harm     .   n - +4 ring of protection
rCorr   +          Rampage  .   D - +6 ring of strength
Will    .....                   F - ring of resist corrosion
Stlth   +++.......              (no ring)
HPRegen 0.22/turn               (no ring)
MPRegen 0.57/turn               (no ring)
                                (no ring)
                                (no ring)

@: gold aura, studying Maces & Flails
A: almost no armour, amphibious, 8 rings, camouflage 1, gelatinous body 1,
(nimble swimmer 1), tentacles
a: Renounce Religion, Potion Petition, Call Merchant, Bribe Branch


You were on level 9 of the Dungeon.
You worshipped Gozag.
Gozag was most pleased with you.
You visited 2 branches of the dungeon, and saw 10 of its levels.
You also visited: Sewer and Bailey.

You collected 1773 gold pieces.
You paid 62 gold pieces to Gozag.

Inventory:

Hand Weapons
 c - a +0 dagger
 j - a +0 spear
 q - a +0 sling
 C - a +3 spear (weapon)
 I - a +2 trident of flaming
Missiles
 B - 5 throwing nets
Armour
 m - a +0 kite shield
Jewellery
 n - a +4 ring of protection (left tentacle)
 D - a +6 ring of strength (right tentacle)
 F - a ring of resist corrosion (on tentacle)
 J - an amulet of magic regeneration (around mantle)
Wands
 v - a wand of polymorph (6)
 z - a wand of flame (48)
 L - a wand of paralysis (7)
Scrolls
 b - 3 scrolls of immolation
 f - a scroll of silence
 g - 5 scrolls of blinking
 i - a scroll of noise
 k - 5 scrolls of enchant armour
 l - 2 scrolls of torment
 o - 2 scrolls of poison {unknown}
 p - 4 scrolls of teleportation
 s - 4 scrolls of amnesia {unknown}
 t - 2 scrolls of fear {unknown}
 u - a scroll of brand weapon
 H - a scroll of vulnerability {unknown}
 K - 2 scrolls of fog {unknown}
Potions
 a - 4 potions of magic
 d - 2 potions of haste {unknown}
 e - 4 potions of lignification
 h - a potion of mutation
 r - 3 potions of curing
 w - 2 potions of heal wounds {unknown}
 x - 3 potions of brilliance {unknown}
 A - 2 potions of invisibility {unknown}
 E - a potion of might {unknown}
 G - a potion of flight {unknown}
Miscellaneous
 y - a phantom mirror


   Skills:
 + Level 6.3 Fighting
 + Level 6.7 Dodging
 - Level 3.0 Stealth
 + Level 6.8 Spellcasting
 - Level 3.0 Hexes
 + Level 9.6 Summonings
 - Level 7.0 Air Magic


You had 12 spell levels left.
You knew the following spells:

 Your Spells              Type           Power      Damage    Failure   Level
a - Summon Small Mammal   Summ           100%       N/A       1%          1
b - Call Canine Familiar  Summ           49%        N/A       1%          3
c - Summon Guardian Gole  Hex/Summ       35%        N/A       1%          3
d - Summon Lightning Spi  Summ/Air       44%        N/A       2%          4

Your spell library contained the following spells:

 Spells                   Type           Power      Damage    Failure   Level
 Call Imp                 Summ           49%        N/A       1%          2
 Anguish                  Hex/Necr       7%         N/A       41%         4
 Conjure Ball Lightning   Conj/Air       11%        3x3d6     97%         6
 Enfeeble                 Hex            10%        N/A       100%        7
 Discord                  Hex            10%        N/A       100%        8
 Disjunction              Tloc           3%         N/A       100%        8


Dungeon Overview and Level Annotations

Branches:
Dungeon (9/15)             Temple (1/1) D:4            Lair (0/5) D:9
  Sewer (visited)          Bailey (visited)
    Orc: D:9-12

Altars:
Ashenzari
Cheibriados
Dithmenos
Elyvilon
Fedhas
Gozag
Hepliaklqana
Kikubaaqudgha
Makhleb
Nemelex Xobeh
Okawaru
Qazlal
Ru
Sif Muna
Trog
Uskayaw
Vehumet
Wu Jian
Xom
Yredelemnul
Zin
The Shining One

Annotations:
D:5 exclusion: centaur


Innate Abilities, Weirdness & Mutations

You cannot wear most types of armour.
You are amphibious.
You can wear up to eight rings at the same time.
Your skin changes colour to match your surroundings (Stealth+).
Your rubbery body absorbs attacks. (AC +1, EV +1)
((You are camouflaged when in or above water. (Stealth+)))
You have tentacles for arms and can constrict up to eight enemies at once.


Message History

Found two books of Minor Magic.
There is a large open door here.
Unknown command.
Press: ? - help, v - describe, . - travel, g - get item Item here: a book of Minor Magic.
The floor.
Which direction?
Which direction?
You close the door.
Unknown command.
You open the door.
A deep elf pyromancer comes into view. It is wielding a +0 short sword.
Found a hat and a glowing hat.
Casting: Summon Guardian Golem (safe; 1% risk of failure)
Confirm with . or Enter, or press ? or * to list all spells.
A guardian golem appears, shielding your allies.
Your wolf barely misses the deep elf pyromancer.
The deep elf pyromancer hits your wolf with a +0 short sword.
You swap places.
Your wolf closely misses the deep elf pyromancer.
Your wolf bites the deep elf pyromancer.
The deep elf pyromancer points at you and mumbles some strange words.
The bolt of fire hits your wolf!! The bolt of fire hits you!!!
Ouch! That really hurt!
There is a large open door here.
Your wolf barely misses the deep elf pyromancer.
Your wolf bites the deep elf pyromancer!
The deep elf pyromancer hits your wolf with a +0 short sword.
Your wolf dies!
Your wolf's corpse disappears in a puff of smoke!
Unknown command.
The deep elf pyromancer hits your guardian golem but does no damage.
The deep elf pyromancer casts a spell.
The deep elf pyromancer blinks!
Casting: Summon Guardian Golem (safe; 1% risk of failure)
Confirm with . or Enter, or press ? or * to list all spells.
The deep elf pyromancer casts a spell at you.
The bolt of fire hits you!!
You die...
Your body crumbles into a pile of gold.

#.# #..#*,* *,,* *,,* #.# #..#***
**,* *,,* #.# #..####*** *,* *,,*
#.# #..##.#*,*###*,* *,,* #.#
#..##'##+##§#*,* *,,* #.#
#..#......#[#*,* *,,* #.#
###..#.○..○.#9#*,* *,,* #.#
#....'......'e#*,* *>,* #.#
#.)..'....h.@$#*,* *,,* #.#
#.#..#.○..○.#+#*,* *..###
#.###)#..#......#:#*,*******.....
.)..[[)..##+##+##e#*,,,,,,,,.....
######...#*,**,**##*********#####
#...#****** #...# #...# #####


You could see a deep elf pyromancer (ally target), a friendly guardian golem
(summoned) and a friendly wolf (summoned).

Vanquished Creatures
  2 centaurs (Bailey)
  A phantom (D:6)
  2 kobold brigands
  A killer bee (D:8)
  2 hounds
  An orc priest (D:8)
  2 iguanas
  An orc wizard (D:8)
  4 adders
  A white imp (D:7)
  A worm (D:3)
  14 orcs
  6 giant cockroaches (Sewer)
  A goblin (D:2)
  4 jackals
  6 quokkas
  2 ball pythons (Sewer)
  3 bats
  7 frilled lizards
  3 kobolds
  2 rats
  A bush (D:7)
67 creatures vanquished.

Vanquished Creatures (collateral kills)
  A wraith (D:9)
  4 yaks (D:8)
  2 water moccasins
  A swamp drake (D:9)
  5 orc warriors (Bailey)
  An ogre (D:6)
  2 ice beasts (D:6)
  3 sky beasts
  10 centaurs
  2 phantoms
  2 bullfrogs
  2 kobold brigands (D:7)
  2 scorpions
  A necrophage (D:5)
  9 killer bees
  A howler monkey (D:7)
  2 orc priests
  A jelly (D:7)
  A gnoll bouda (D:6)
  6 hounds
  Crazy Yiuf (D:7)
  An iron imp (D:9)
  An iguana (D:4)
  6 orc wizards
  12 gnolls
  14 adders
  3 white imps
  An ufetubus (D:5)
  4 worms
  29 orcs
  7 endoplasms
  9 giant cockroaches
  15 goblins
  8 hobgoblins
  4 jackals
  6 quokkas
  5 ball pythons
  A bat (D:1)
  4 frilled lizards
  13 kobolds
  7 rats
209 creatures vanquished.

Vanquished Creatures (others)
  5 orc warriors (Bailey)
  A sky beast (D:5)
  2 black bears (D:5)
  An ogre (D:5)
  A centaur (D:8)
  A kobold brigand (D:8)
  A bullfrog (Sewer)
  A gnoll sergeant (D:9)
  A worm (D:5)
  A kobold (D:8)
15 creatures vanquished.

Grand Total: 291 creatures vanquished

Notes
Turn   | Place    | Note
-------+----------+-------------------------------------------
     0 | D:1      | MacCMillion the Octopode Summoner began the quest for the
                  | Orb.
     0 | D:1      | Reached XP level 1. HP: 11/11 MP: 3/3
   153 | D:1      | Reached XP level 2. HP: 14/17 MP: 0/5
   756 | D:1      | Found a faded altar of an unknown god.
  1140 | D:1      | Reached XP level 3. HP: 21/21 MP: 3/6
  1413 | D:1      | Learned a level 3 spell: Call Canine Familiar
  1707 | D:2      | Learned a level 3 spell: Summon Guardian Golem
  1991 | D:2      | Reached skill level 5 in Summonings
  2151 | D:2      | Reached XP level 4. HP: 27/27 MP: 3/7
  2938 | D:3      | Reached XP level 5. HP: 30/31 MP: 5/9
  3056 | D:3      | Found a shimmering blue altar of Sif Muna.
  3062 | D:3      | Found a white marble altar of Elyvilon.
  3178 | D:3      | Reached skill level 1 in Hexes
  3181 | D:3      | Found a glowing drain.
  3189 | Sewer    | Entered a sewer
  3497 | Sewer    | Reached skill level 6 in Summonings
  3497 | Sewer    | Reached XP level 6. HP: 17/37 MP: 1/11
  3500 | Sewer    | Reached skill level 1 in Fighting
  4322 | D:3      | Learned a level 4 spell: Summon Lightning Spire
  4727 | D:4      | Reached XP level 7. HP: 34/43 MP: 7/12
  4935 | D:4      | Found a staircase to the Ecumenical Temple.
  4945 | Temple   | Entered the Ecumenical Temple
  4991 | Temple   | Became a worshipper of Gozag Ym Sagoz the Greedy
  5173 | D:4      | Found a sacrificial altar of Ru.
  5263 | D:5      | Entered Level 5 of the Dungeon
  5951 | D:5      | Reached skill level 7 in Summonings
  5951 | D:5      | Reached XP level 8. HP: 51/51 MP: 10/14
  6582 | D:6      | Reached skill level 8 in Summonings
  6982 | D:6      | Reached skill level 1 in Air Magic
  7027 | D:6      | Reached skill level 5 in Spellcasting
  7027 | D:6      | Reached XP level 9. HP: 50/58 MP: 10/16
  8700 | D:7      | Reached skill level 5 in Dodging
  9210 | D:7      | Found a runed translucent door.
  9211 | D:7      | Noticed Crazy Yiuf
  9226 | D:7      | Killed Crazy Yiuf
  9372 | D:7      | HP: 2/59 [poisoned by a killer bee]
  9700 | D:8      | You fall into a shaft and drop 1 floor!
 10012 | D:8      | Found a flagged portal.
 10066 | Bailey   | Entered a bailey
 10582 | Bailey   | Reached skill level 5 in Fighting
 10985 | Bailey   | Reached skill level 5 in Air Magic
 10985 | Bailey   | Reached XP level 10. HP: 66/66 MP: 12/18
 11314 | Bailey   | Reached skill level 9 in Summonings
 13981 | D:8      | Found a snail-covered altar of Cheibriados.
 14244 | D:9      | Found a staircase to the Lair.
 14545 | D:9      | Reached XP level 11. HP: 72/72 MP: 17/21
 14726 | D:9      | Noticed a deep elf pyromancer
 14729 | D:9      | Noticed a deep elf pyromancer
 14735 | D:9      | Killed from afar by a deep elf pyromancer

Illustrated notes

Levels and vault maps discovered:
D:1:      matt_arrival_grand_opening, layout_basic, serial_curves,
          eino_curves_04, eino_curves_01, eino_curves_03,
          dreamdust_ecumenical_altar_statues
D:2:      layout_loops_ring, minmay_nonomino_d4
D:3:      layout_basic, chequers_temple_overflow_statue_of_worship,
          gup_sewer_entry_bubbles
D:4:      layout_basic, mainiacjoe_overflow_brackets, temple_green,
          nrook_mini_vaults, grunt_ministairs_1
D:5:      minmay_clustersquares, layout_rooms
D:6:      layout_cave_pods, minmay_starry_boxes
D:7:      layout_basic, uniq_crazy_yiuf_cottage
D:8:      layout_loops_ring, marbit_many_paths, enter_bailey_5
D:9:      layout_long_grid, lair_entry_dummy, hangedman_minor_magic,
          uniq_maurice
Temple:   nicolae_temple_bog_church

Skill      XL: |  1  2  3  4  5  6  7  8  9 10 |
---------------+-------------------------------+-----
Stealth        | 3 |  3.0
Summonings     | 5 6 7 8 9 |  9.6
Spellcasting   | 3 4 5 6 |  6.8
Hexes          | 1 2 3 |  3.0
Fighting       | 1 2 3 5 6 |  6.3
Dodging        | 3 4 5 6 |  6.7
Air Magic      | 1 5 7 |  7.0

Action                   |  1- 3 |  4- 6 |  7- 9 | 10-12 || total
-------------------------+-------+-------+-------+-------++-------
Melee: Unarmed           |     4 |       |       |       ||     4
       Tentacles         |     1 |     4 |    31 |     3 ||    39
       Constrict         |     3 |     7 |    13 |     1 ||    24
       Spear             |    15 |    89 |   121 |    29 ||   254
       Trident           |       |       |    44 |       ||    44
       Punch             |       |       |     1 |       ||     1
 Fire: Sling             |       |    67 |    36 |    28 ||   131
 Cast: Summon Small Mamm |    40 |     5 |     4 |       ||    49
       Call Canine Famil |    11 |    18 |    51 |    17 ||    97
       Summon Guardian G |       |     1 |    18 |    16 ||    35
       Summon Lightning  |       |       |     2 |    36 ||    38
  Use: Scroll            |       |    10 |     3 |       ||    13
       Potion            |       |       |     3 |       ||     3
 Stab: Sleeping          |       |     3 |     3 |       ||     6
       Distracted        |       |     3 |     1 |       ||     4
Armor: Skin              |     2 |    11 |   104 |     9 ||   126
Dodge: Dodged            |    13 |    45 |    87 |    45 ||   190
